 Dungeon Crawl Stone Soup version 0.29.0-13-gc9e81de378 (webtiles) character file.

Game seed: 10743982848813869597

240 SensoryNuts the Slasher (level 5, -2/41 HPs)
             Began as a Demonspawn Fighter on Sept 7, 2022.
             Slain by an ogre
             ... wielding a +0 giant spiked club
              (20 damage)
             ... on level 3 of the Dungeon.
             The game lasted 00:02:08 (3565 turns).

SensoryNuts the Slasher (Demonspawn Fighter)        Turns: 3565, Time: 00:02:08

Health: -2/41      AC:  8    Str: 17    XL:     5   Next: 79%
Magic:  5/5        EV:  9    Int:  9    God:
Gold:   118        SH:  5    Dex: 14    Spells: 4/4 levels left

rFire   . . .      SeeInvis .   a - +0 long sword
rCold   . . .      Faith    .   c - +0 buckler
rNeg    . . .      Spirit   .   b - +0 scale mail
rPois   .          Reflect  .   (no helmet)
rElec   .          Harm     .   (no cloak)
rCorr   .          Rampage  .   (no gloves)
Will    .....                   (no boots)
Stlth   ..........              (no amulet)
HPRegen 0.13/turn               (no ring)
MPRegen 0.09/turn               (no ring)

@: invisible
A: yellow scales 1
a: no special abilities


You were on level 3 of the Dungeon.
You visited 1 branch of the dungeon, and saw 3 of its levels.

You collected 118 gold pieces.

Inventory:

Hand Weapons
 a - a +0 long sword (weapon)
Armour
 b - a +0 scale mail (worn)
 c - a +0 buckler (worn)
Potions
 d - a potion of lignification {unknown}
 j - a potion of flight
 l - a potion of mutation {unknown}


   Skills:
 + Level 3.4 Fighting
 * Level 4.5 Long Blades
 + Level 3.3 Armour
 + Level 1.1 Dodging
 + Level 0.3 Stealth
 + Level 3.0 Shields


You had 4 spell levels left.
You didn't know any spells.
Your spell library contained the following spells:

 Spells                   Type           Power      Damage    Failure   Level
 Sublimation of Blood     Necr           0%         N/A       95%         2
 Wereblood                Tmut           0%         N/A       95%         2
 Summon Hydra             Summ           0%         N/A       100%        7


Dungeon Overview and Level Annotations

Branches:
Dungeon (3/15)

Altars:


Innate Abilities, Weirdness & Mutations

You are partially covered in yellow scales. (AC +2)


Message History

No target in view!
No target in view!
No target in view!
Items here: ))))) [[[ ††.
Key pressed, stopping explore.
You open the door.
There is an open door here.
You now have 118 gold pieces (gained 4).
You open the door.
A ball python and an ogre come into view.
The ball python hisses angrily.
The ogre shouts!
Found a scroll of identify.
There are monsters nearby!
There are monsters nearby!
There is an open door here.
You closely miss the ogre. The ogre closely misses you.
You slash the ogre!
The ogre is moderately wounded.
The ball python bites you but does no damage.
The ball python barely misses you.
The ogre hits you with a +0 giant spiked club!
The ball python bites you. The ball python grabs you.
The ball python constricts you.
You escape the ball python's grasp.
You feel much better.
The ogre hits you with a +0 giant spiked club!!
Ouch! That really hurt!
You slash the ogre!
The ogre is severely wounded.
The ogre barely misses you.
You hit the ogre.
The ogre is severely wounded.
You barely miss the ogre.
The ogre is severely wounded.
The ogre closely misses you.
Unknown command.
It was a potion of invisibility.
You fade into invisibility!
The ogre hits you with a +0 giant spiked club!!
You die...

#..#≈≈≈≈≈≈≈#.†.#
#..#≈≈...≈≈#####
#.##≈..#..≈#
#.##≈.###.≈#
#.##≈.?#..≈#
#.##≈≈...≈≈#
#..#≈≈S.≈≈≈#
##.####'#
#..@OS.#
########


You could see an ogre (unable to see you) and a ball python (unable to see you).

Vanquished Creatures
  A howler monkey (D:3)
  Jessica (D:3)
  10 adders
  A worm (D:3)
  2 dart slugs
  6 orcs (D:3)
  4 bats
  An endoplasm (D:1)
  3 giant cockroaches
  6 goblins
  6 hobgoblins
  6 jackals
  2 quokkas (D:1)
  12 ball pythons
  2 frilled lizards
  4 kobolds
  4 rats
71 creatures vanquished.

Notes
Turn   | Place    | Note
-------+----------+-------------------------------------------
     0 | D:1      | SensoryNuts the Demonspawn Fighter began the quest for the
                  | Orb.
     0 | D:1      | Reached XP level 1. HP: 18/18 MP: 1/1
    73 | D:1      | Reached skill level 2 in Long Blades
   283 | D:1      | Found a faded altar of an unknown god.
   295 | D:1      | Gained mutation: You are partially covered in yellow
                  | scales. (AC +2) [demonic ancestry]
   295 | D:1      | Reached XP level 2. HP: 24/24 MP: 2/2
   781 | D:1      | Reached XP level 3. HP: 27/29 MP: 3/3
  1565 | D:2      | Reached skill level 3 in Long Blades
  1622 | D:2      | Reached XP level 4. HP: 29/35 MP: 4/4
  1894 | D:2      | Reached skill level 1 in Dodging
  2479 | D:3      | Reached XP level 5. HP: 7/41 MP: 5/5
  2793 | D:3      | Reached skill level 4 in Long Blades
  2823 | D:3      | Noticed Jessica
  2833 | D:3      | Killed Jessica
  3554 | D:3      | Noticed an ogre
  3565 | D:3      | Slain by an ogre

Illustrated notes

Levels and vault maps discovered:
D:1:      onia_arrival_mini_maze, layout_rooms,
          shapermc_ecumenical_altar_totnotflames
D:2:      layout_basic, minmay_snake_closets
D:3:      layout_basic, kennysheep_generic_room_8, uniq_jessica

Skill      XL: |  1  2  3  4  5 |
---------------+----------------+-----
Long Blades    | 2 3 4 |  4.5
Armour         | 3 |  3.3
Dodging        | 1 |  1.1
Shields        | 3 |  3.0
Fighting       | |  3.4
Stealth        | |  0.3

Action                   |  1- 3 |  4- 6 || total
-------------------------+-------+-------++-------
Melee: Long sword        |   119 |   160 ||   279
  Use: Scroll            |       |     4 ||     4
       Potion            |       |     5 ||     5
Armor: Scale mail        |    92 |    72 ||   164
Dodge: Dodged            |    56 |    62 ||   118
Block: Buckler           |    40 |    43 ||    83
